 Dungeon Crawl Stone Soup version 0.31.0-32-g396128a36d (webtiles) character file.

Game seed: 11161891494707233480

16760 BigDaddyOpFi the Summoner (level 12, -3/60 HPs)
             Began as a Felid Summoner on Mar 14, 2024.
             Was a Believer of Vehumet.
             Slain by a cane toad (24 damage)
             ... on level 2 of the Lair of Beasts on Mar 19, 2024.
             The game lasted 01:08:38 (32671 turns).

BigDaddyOpFi the Summoner (Felid Summoner)         Turns: 32671, Time: 01:08:39

Health: -3/60      AC:  3    Str:  4    XL:     12   Next: 12%
Magic:  10/22      EV: 19    Int: 29    God:    Vehumet [**....]
Gold:   1454       SH:  5    Dex: 18    Spells: 0/23 levels left
                                        Lives:  0   Deaths: 4

rFire   . .          .
                       - Unarmed
rCold   + . .        (shield unavailable)
rNeg    . . .        (body armour unavailable)
rPois   .            (helmet unavailable)
rElec   .            (cloak unavailable)
rCorr   .            (gloves unavailable)
SInv    +            (boots unavailable)
Will    +....        d - amulet of reflection
Stlth   ++           l - +6 ring of intelligence
HPRegen 0.30/turn    (no ring)
MPRegen 0.18/turn

%: reflection
@: about to teleport, inugami summoned
A: very small, claws 1, fangs 3, see invisible, shaggy fur 3, stealthy paws, no
weapons or thrown items, no armour, multi-lived
a: Renounce Religion


You were on level 2 of the Lair of Beasts.
You worshipped Vehumet.
Vehumet was pleased with you.
You visited 4 branches of the dungeon, and saw 14 of its levels.
You also visited: Bailey.

You collected 1454 gold pieces.

Inventory:

Jewellery
 d - an amulet of reflection (around neck)
 l - a +6 ring of intelligence (left paw)
Wands
 c - a wand of flame (52)
 f - a wand of iceblast (8)
Scrolls
 a - 2 scrolls of amnesia
 g - 4 scrolls of immolation
 h - a scroll of enchant armour
 o - a scroll of silence
 q - a scroll of revelation
 r - a scroll of vulnerability
 t - a scroll of noise
 v - a scroll of identify
Potions
 b - a potion of brilliance
 e - a potion of enlightenment
 j - 2 potions of might
 k - a potion of degeneration
 m - 3 potions of mutation
Miscellaneous
 n - a lightning rod (4/4) (quivered)


   Skills:
 - Level 5.8 Fighting
 - Level 4.9 Dodging
 - Level 3.1 Stealth
 - Level 7.4 Unarmed Combat
 - Level 6.2 Spellcasting
 - Level 10.8 Summonings
 - Level 6.2 Necromancy
 * Level 0.0 Translocations
 - Level 6.2 Fire Magic
 - Level 7.7 Air Magic


You couldn't memorise any spells.
You knew the following spells:

 Your Spells              Type           Power      Damage    Failure   Level
a - Summon Small Mammal   Summ           100%       N/A       1%          1
b - Call Imp              Summ           100%       N/A       1%          2
c - Call Canine Familiar  Summ           64%        N/A       1%          3
d - Scorch                Fire           90%        2d8       1%          2
e - Summon Blazeheart Go  Fire/Summ      55%        N/A       1%          4
f - Martyr's Knell        Necr/Summ      55%        N/A       1%          4
g - Summon Lightning Spi  Summ/Air       58%        N/A       1%          4
h - Volatile Blastmotes   Fire/Tloc      54%        2d14      4%          3

Your spell library contained the following spells:

 Spells                   Type           Power      Damage    Failure   Level
 Necrotise                Necr           100%       1d9       1%          1
 Cigotuvi's Dreadful Rot  Necr/Alch/Air  72%        N/A       1%          2
 Mercury Vapours          Alch/Air       62%        N/A       1%          2
 Summon Ice Beast         Ice/Summ       40%        N/A       1%          3
 Dispel Undead            Necr           45%        3d17      4%          4
 Apportation              Tloc           16%        N/A       5%          1
 Freeze                   Ice            32%        1d5       5%          1
 Sting                    Conj/Alch      32%        1d5       5%          1
 Summon Cactus Giant      Summ           32%        N/A       10%         6
 Flame Wave               Conj/Fire      27%        2d9       16%         4
 Frozen Ramparts          Ice            16%        1d3       17%         3
 Hailstorm                Conj/Ice       8%         3d5       17%         3
 Summon Mana Viper        Hex/Summ       40%        N/A       17%         5
 Fulminant Prism          Conj/Alch      4%         3d5       50%         4
 Iskenderun's Mystic Bla  Conj/Tloc      8%         2d4       50%         4
 Leda's Liquefaction      Alch/Erth      4%         N/A       50%         4
 Olgreb's Toxic Radiance  Alch           8%         N/A       50%         4
 Monstrous Menagerie      Summ           32%        N/A       50%         7
 Death Channel            Necr           22%        N/A       54%         6
 Lee's Rapid Deconstruct  Erth           4%         3d5*      83%         5
 Bombard                  Conj/Erth      4%         9d2       100%        6
 Sculpt Simulacrum        Ice/Alch       4%         N/A       100%        6


Dungeon Overview and Level Annotations

Branches:
Dungeon (10/15)            Temple (1/1) D:5            Lair (2/5) D:9
    Orc (1/2) D:9          Bailey (visited)
  Swamp: Lair:2-3    Shoals: Lair:2-3     Snake: Lair:2-3    Spider: Lair:2-3

Altars:
Ashenzari
Cheibriados
Dithmenos
Elyvilon
Fedhas
Gozag
Hepliaklqana
Kikubaaqudgha
Makhleb
Nemelex Xobeh
Okawaru
Qazlal
Ru
Sif Muna
Trog
Uskayaw
Vehumet
Wu Jian
Xom
Yredelemnul
Zin
The Shining One

Shops:
D:3 :   D:5 ?(

Annotations:
D:4 3 runed translucent doors, rozman's ghost, novice OpSh
Lair:1 exclusion: oklob plant


Innate Abilities, Weirdness & Mutations

You have sharp claws.
You have razor-sharp teeth.
You have supernaturally acute eyesight. (SInv)
Your thick and shaggy fur keeps you warm. (AC +3, rC+)
Your paws help you pounce on unaware monsters.
You are incapable of wielding weapons or throwing items.
You cannot wear armour.
You gain extra lives every three experience levels.


Message History

You call forth a shade to shield your allies.
A cane toad comes into view.
The rime drake breathes ice at you. The icy flash freeze hits you!!
You partially resist.
You are encased in ice.
A yak comes into view.
You block the elephant's attack. The elephant closely misses you.
Your inugami completely misses the rime drake.
The yak bellows!
The rime drake bites you. The elephant attacks as it pursues you!
The elephant misses you. The elephant closely misses you.
The rime drake bites you but does no damage.
Your inugami hits the rime drake!
You see here a +0 scale mail.
The elephant tramples your inugami.
Your inugami stumbles backwards!
Your lightning spire shoots out a bolt of lightning at the rime drake!
The bolt of electricity hits the rime drake!!
Your inugami hits the elephant.
Unknown command.
The rime drake breathes ice at your lightning spire.
The icy flash freeze hits your lightning spire!
Your lightning spire partially resists.
Your lightning spire is flash-frozen.
The elephant attacks as it pursues you! The elephant tramples you.
You hold your ground!
The elephant misses you.
Your lightning spire shoots out a bolt of lightning at the rime drake!
The bolt of electricity misses the rime drake.
The bolt of electricity hits the yak!! x2
The rime drake bites your lightning spire but does no damage.
The yak gores you!
You scratch the cane toad.
The cane toad is lightly wounded.
The ice encasing you melts away. The cane toad misses you.
Your inugami hits the elephant. The elephant misses your inugami.
The elephant trunk-slaps your inugami but does no damage.
The rime drake bites your lightning spire but does no damage.
Unknown command.
As you read the scroll of teleportation, it crumbles to dust.
You feel strangely unstable. The cane toad stings you!!
You die...

...÷..######..............#
......# ...###.⌠.###...#
#.P....# ...#.....#.##..#
###...## ## ..###.....#
#...# #.>.⌠# #..>..# #...#
#...# #.....# .. #.... .
#.... #.....# #.. ..... ..
#...##F8⌠$.##...
.........##...@kh...#....
....##.YYY.......#
.....##..W......##
......#........##
......Y.#.§.)##.#
....#..#.#.⌠.# #....
#........#.#.# .....
..Y..........# #...#
.............# #...


You could see an elephant (distracted, ally target), 3 yaks, a cane toad, a rime
drake (distracted, ally target), a friendly lightning spire (summoned,
sheltered, frozen), a friendly martyred shade (summoned) and a friendly inugami
(summoned, sheltered).

Vanquished Creatures
  Harold (Lair:2)
  Amaemon (Lair:2)
  2 elephants (Lair:2)
  A cane toad (Lair:1)
  A komodo dragon (Lair:1)
  4 blink frogs
  2 wyverns (D:9)
  A wraith (D:6)
  A spriggan (D:8)
  A steam dragon (D:8)
  7 yaks
  5 water moccasins
  Edmund (D:6)
  An acid dragon (D:8)
  4 orc warriors
  2 sky beasts
  2 ice beasts
  2 wolves (Lair:2)
  2 phantoms
  A kobold brigand (D:9)
  4 bullfrogs
  Dowan (D:5)
  3 killer bees
  2 howler monkeys (D:8)
  2 orc priests (D:6)
  A jelly (D:6)
  3 orc wizards (D:6)
  A sleepcap (D:7)
  A gnoll (D:8)
  An adder (D:5)
  A ribbon worm zombie (D:7)
  A white imp (D:7)
  An ufetubus (D:6)
  26 orcs
  4 goblins
  14 kobolds
108 creatures vanquished.

Vanquished Creatures (collateral kills)
  2 black mambas (Lair:2)
  5 elephants (Lair:2)
  2 cane toads
  An unseen horror (D:7)
  An orange demon (Lair:2)
  A komodo dragon (Lair:1)
  Maggie (D:6)
  A rime drake (Lair:2)
  A hornet (Lair:1)
  Prince Ribbit (Lair:1)
  2 blink frogs
  Sigmund (D:3)
  8 yaks
  Eustachio (D:6)
  Menkaure (D:4)
  Duvessa (D:5)
  4 water moccasins
  An orc warrior (Bailey)
  A sky beast (D:7)
  2 ice beasts (D:5)
  An ogre (D:5)
  4 wolves (Lair:2)
  A phantom (D:5)
  3 kobold brigands (D:7)
  2 bullfrogs
  A gnoll sergeant (D:8)
  2 scorpions (D:6)
  3 killer bees (D:8)
  5 howler monkeys
  Crazy Yiuf (D:3)
  An orc priest (D:9)
  A sleepcap (D:5)
  Ijyb (D:4)
  Terence (D:3)
  5 orc wizards
  3 iguanas
  4 gnolls (D:8)
  6 adders
  A white imp (D:7)
  3 ufetubi (D:6)
  A ribbon worm (D:2)
  4 dart slugs
  29 orcs
  7 endoplasms
  A giant cockroach (D:4)
  5 goblins
  4 hobgoblins
  2 jackals (D:5)
  2 quokkas
  8 ball pythons
  3 bats
  3 frilled lizards
  15 kobolds
  5 rats
176 creatures vanquished.

Vanquished Creatures (others)
  A kobold (D:7)
1 creature vanquished.

Grand Total: 285 creatures vanquished

Notes
Turn   | Place    | Note
-------+----------+-------------------------------------------
     0 | D:1      | BigDaddyOpFi the Felid Summoner began the quest for the
                  | Orb.
     0 | D:1      | Reached XP level 1. HP: 9/9 MP: 4/4
   114 | D:1      | Reached XP level 2. HP: 13/13 MP: 3/6
   198 | D:1      | Learned a level 2 spell: Call Imp
  1044 | D:2      | Found a stormy altar of Qazlal.
  1367 | D:2      | Reached XP level 3. HP: 16/16 MP: 4/7
  1371 | D:2      | Learned a level 3 spell: Call Canine Familiar
  1966 | D:3      | Reached XP level 4. HP: 21/21 MP: 3/8
  1966 | D:3      | Gained a life (2 lives remaining)
  2409 | D:3      | Found Wegokin's Book Boutique.
  2511 | D:3      | Found a runed translucent door.
  2512 | D:3      | Noticed Crazy Yiuf
  2684 | D:3      | Noticed Terence
  2710 | D:3      | Killed Terence
  2711 | D:3      | Reached skill level 5 in Summonings
  2711 | D:3      | Reached skill level 1 in Fire Magic
  2872 | D:3      | Noticed Sigmund
  2929 | D:3      | Killed Sigmund
  2930 | D:3      | Reached XP level 5. HP: 14/24 MP: 1/10
  2930 | D:3      | Gained mutation: You are covered in thick fur. (AC +2)
                  | [Felid growth]
  2930 | D:3      | Reached XP level 6. HP: 17/28 MP: 1/11
  3052 | D:3      | Succumbed to Crazy Yiuf's poison
  3052 | D:3      | Lost a life (1 life remaining)
  3052 | D:3      | Killed Crazy Yiuf
  3410 | D:4      | Learned a level 2 spell: Scorch
  3422 | D:4      | Noticed Menkaure
  3429 | D:4      | Killed Menkaure
  3430 | D:4      | Reached skill level 6 in Summonings
  3442 | D:4      | Found a runed translucent gate.
  3449 | D:4      | Found a runed translucent gate.
  3450 | D:4      | Found a runed translucent gate.
  3705 | D:4      | Noticed Ijyb
  3741 | D:4      | Killed Ijyb
  3836 | D:4      | Reached XP level 7. HP: 9/32 MP: 0/13
  3836 | D:4      | Gained a life (2 lives remaining)
  4253 | D:4      | Noticed rozman's ghost (novice OpSh)
  4278 | D:4      | Found a shimmering blue altar of Sif Muna.
  4996 | D:4      | Found a bloodstained altar of Trog.
  4999 | D:4      | Found a glowing golden altar of the Shining One.
  5268 | D:5      | Entered Level 5 of the Dungeon
  5278 | D:5      | Learned a level 4 spell: Summon Blazeheart Golem
  6208 | D:5      | Reached skill level 7 in Summonings
  6235 | D:5      | Found Qudair's Antique Weapon Shop.
  6370 | D:5      | Found a staircase to the Ecumenical Temple.
  6403 | Temple   | Entered the Ecumenical Temple
  6413 | Temple   | Became a worshipper of Vehumet
  6460 | D:5      | Found Mejied's Magic Scroll Shoppe.
  6505 | D:5      | Noticed Dowan
  6524 | D:5      | Noticed Duvessa
  6548 | D:5      | Killed Duvessa
  6549 | D:5      | Reached XP level 8. HP: 36/36 MP: 3/15
  6596 | D:5      | Killed Dowan
  7135 | D:5      | Found a hide-covered altar of Uskayaw.
  7139 | D:5      | Noticed a +0 dagger
  7140 | D:5      | Noticed a +0 hand axe
  7803 | D:6      | Noticed Edmund
  7803 | D:6      | Noticed Eustachio
  7849 | D:6      | Killed Edmund
  7850 | D:6      | Reached skill level 1 in Necromancy
  7858 | D:6      | Slain by a wraith
  7858 | D:6      | Lost a life (1 life remaining)
  7859 | D:6      | Found an iron altar of Okawaru.
  7862 | D:6      | Noticed Maggie
  7876 | D:6      | Killed Maggie
  7877 | D:6      | Reached skill level 1 in Unarmed Combat
  7877 | D:6      | Reached skill level 5 in Spellcasting
  7877 | D:6      | Reached skill level 8 in Summonings
  7877 | D:6      | Reached skill level 5 in Fire Magic
  7892 | D:6      | Identified a scroll of acquirement
  8305 | D:6      | Killed Eustachio
  8306 | D:6      | Reached XP level 9. HP: 35/39 MP: 6/17
  8311 | D:6      | Learned a level 4 spell: Martyr's Knell
  8973 | D:5      | Acquired 814 gold pieces
 10356 | D:7      | Reached skill level 5 in Necromancy
 10385 | D:7      | Noticed an unseen horror
 10460 | D:7      | Reached * piety under Vehumet
 10460 | D:7      | Offered knowledge of Freeze by Vehumet.
 10539 | D:7      | Found a flagged portal.
 10720 | Bailey   | Entered a bailey
 12337 | D:7      | Reached XP level 10. HP: 32/44 MP: 11/20
 12337 | D:7      | Gained a life (2 lives remaining)
 12745 | D:7      | Reached skill level 9 in Summonings
 13006 | D:7      | Found a snail-covered altar of Cheibriados.
 14347 | D:8      | Offered knowledge of Magic Dart by Vehumet.
 14597 | D:8      | Reached skill level 1 in Air Magic
 14778 | D:8      | Reached skill level 1 in Fighting
 15020 | D:8      | Reached ** piety under Vehumet
 15849 | D:8      | Found a sparkling altar of Nemelex Xobeh.
 16972 | D:8      | Reached skill level 5 in Unarmed Combat
 18436 | D:9      | Found a staircase to the Lair.
 18808 | D:9      | Learned a level 4 spell: Summon Lightning Spire
 18981 | D:9      | Found a staircase to the Orcish Mines.
 18989 | Orc:1    | Entered Level 1 of the Orcish Mines
 19842 | D:10     | Entered Level 10 of the Dungeon
 19842 | D:10     | Noticed a two-headed ogre
 20034 | D:10     | Found a hazy altar of Hepliaklqana.
 20126 | D:4      | Found a burning altar of Makhleb.
 20126 | D:4      | Found a shimmering altar of Xom.
 20234 | Lair:1   | Entered Level 1 of the Lair of Beasts
 20770 | Lair:1   | Reached XP level 11. HP: 52/52 MP: 11/21
 21341 | Lair:1   | Noticed Prince Ribbit
 21374 | Lair:1   | Mangled by a blink frog
 21374 | Lair:1   | Lost a life (1 life remaining)
 21383 | Lair:1   | Killed Prince Ribbit
 21392 | Lair:1   | Reached skill level 5 in Air Magic
 22547 | Lair:1   | Found a blossoming altar of Fedhas.
 22569 | Lair:1   | Noticed an oklob plant
 23932 | Lair:2   | Reached skill level 10 in Summonings
 30868 | Lair:2   | Noticed Harold
 30878 | Lair:2   | Killed Harold
 30879 | Lair:2   | Reached skill level 5 in Fighting
 31112 | Lair:2   | Noticed Amaemon
 31139 | Lair:2   | Killed Amaemon
 31365 | Lair:2   | Gained mutation: Your thick and shaggy fur keeps you warm.
                  | (AC +3, rC+) [Felid growth]
 31365 | Lair:2   | Reached XP level 12. HP: 30/60 MP: 1/22
 31835 | Lair:2   | Offered knowledge of Volatile Blastmotes by Vehumet.
 31859 | Lair:2   | HP: 2/60 [bullfrog (7)]
 31863 | Lair:2   | Slain by a bullfrog
 31863 | Lair:2   | Lost a life (0 lives remaining)
 32625 | Lair:2   | Learned a level 3 spell: Volatile Blastmotes
 32671 | Lair:2   | Slain by a cane toad

Illustrated notes

Levels and vault maps discovered:
D:1:      dpeg_arrival_rooms_with_view, layout_basic, minivault_5
D:2:      layout_basic, basic_altar
D:3:      layout_loops_ring, serial_shops, shop, kennysheep_minor_cross,
          uniq_terence, uniq_crazy_yiuf_cottage, uniq_sigmund
D:4:      layout_layer_cave, old_standard_altar, nicolae_overflow_hidden_temple,
          gammafunk_ghost_icy, uniq_ijyb, uniq_menkaure
D:5:      layout_loops_corners, dancing_weapons_uskayaw, temple_doors_cd,
          serial_shops, nicolae_shop_trees, nicolae_shop_trees,
          hangedman_decor_points, eino_tiny_chamber, uniq_duvessa
D:6:      layout_basic, okawaru_ov_weapons_minmay, uniq_edmund, uniq_eustachio,
          uniq_maggie
D:7:      layout_rooms, mainiacjoe_overflow_alcove_1, enter_ossuary_3,
          enter_bailey_5, hangedman_decor_opposing
D:8:      layout_basic, nemelex_spade_bored_becter, nrook_loot_triangle,
          the_hattery
D:9:      layout_roguey, lair_entry_dummy, orc_0_dummy, nicolae_letterblocks
          [nicolae_letter_subblock, nicolae_letter_subblock,
          nicolae_letter_subblock, nicolae_letter_subblock,
          nicolae_letter_subblock, nicolae_letter_subblock,
          nicolae_letter_subblock, nicolae_letter_subblock,
          nicolae_letter_subblock, nicolae_letter_subblock,
          nicolae_letter_subblock, nicolae_letter_subblock,
          nicolae_letter_subblock, nicolae_letter_subblock,
          nicolae_letter_subblock, nicolae_letter_subblock,
          nicolae_letter_subblock, nicolae_letter_subblock,
          nicolae_letter_subblock, nicolae_letter_subblock,
          nicolae_letter_subblock, nicolae_letter_subblock,
          nicolae_letter_subblock, nicolae_letter_subblock,
          nicolae_letter_subblock]
D:10:     minmay_statue_hallways, layout_loops_corners, amcnicky_altar_gilded,
          uniq_fannar
Temple:   nicolae_temple_x_marks_the_god
Lair:1:   layout_loops_ring, tgw_fedhas, lemuel_fruit_fields,
          uniq_prince_ribbit2
Lair:2:   layout_chaotic_city, nicolae_lair_lil_pond, grunt_megastairs_5,
          uniq_harold, uniq_amaemon
Orc:1:    layout_caves, nicolae_volcano_entry_lava_flow

Skill      XL: |  1  2  3  4  5  6  7  8  9 10 11 |
---------------+----------------------------------+-----
Stealth        | 3 |  3.1
Dodging        | 3 4 |  4.9
Summonings     | 5 6 7 8 9 10 | 10.8
Fire Magic     | 1 2 4 5 6 |  6.2
Spellcasting   | 3 4 5 6 |  6.2
Necromancy     | 3 5 6 |  6.2
Unarmed Combat | 2 3 5 7 |  7.4
Air Magic      | 4 7 |  7.7
Fighting       | 3 5 |  5.8

Action                     |  1- 3 |  4- 6 |  7- 9 | 10-12 || total
---------------------------+-------+-------+-------+-------++-------
  Melee: Unarmed           |     1 |    15 |    23 |   101 ||   140
         Bite              |       |       |     2 |    30 ||    32
         Punch             |       |       |       |     6 ||     6
   Cast: Summon Small Mamm |    24 |    24 |    31 |     8 ||    87
         Call Imp          |    24 |    24 |    24 |    10 ||    82
         Call Canine Famil |       |     9 |    36 |    33 ||    78
         Scorch            |       |     7 |   118 |   158 ||   283
         Summon Blazeheart |       |       |     5 |    14 ||    19
         Martyr's Knell    |       |       |     3 |    26 ||    29
         Summon Lightning  |       |       |       |    26 ||    26
         Volatile Blastmot |       |       |       |     1 ||     1
  Evoke: Wand              |       |       |    13 |     2 ||    15
         Lightning rod     |       |       |       |     1 ||     1
    Use: Scroll            |     4 |     2 |    12 |    11 ||    29
         Potion            |     1 |     3 |     8 |     7 ||    19
   Stab: Distracted        |       |       |     2 |     1 ||     3
 Armour: Skin              |     3 |    19 |    54 |   111 ||   187
  Dodge: Dodged            |    13 |    57 |    71 |   198 ||   339
  Block: Other             |       |     6 |    27 |    52 ||    85
         Reflection        |       |     1 |     2 |     1 ||     4
